 Dungeon Crawl Stone Soup version 0.15-a0-271-g6095dc6 (webtiles) character file.

1013 PolkaDot the Covert (level 7, -1/46 HPs)
             Began as a Vampire Enchanter on Apr 28, 2014.
             Was an Initiate of Ashenzari.
             Slain by a quokka (4 damage)
             ... summoned by Eustachio
             ... on Level 4 of the Dungeon.
             The game lasted 00:17:39 (3636 turns).

PolkaDot the Covert (Vampire Enchanter)             Turns: 3636, Time: 00:17:42

HP  -1/46        AC  3     Str  7      XL: 7   Next: 86%
MP   0/15        EV 13     Int 17      God: Ashenzari [......]
Gold 83          SH  0     Dex 16      Spells:  4 memorised,  4 levels left

rFire  . . .     SeeInvis +     l - +3,+2 dagger (elec) (curse)
rCold  + + +     Clarity  .     b - +1 robe (curse)
rNeg   + + +     Conserve .     (no shield)
rPois  +         rCorr    .     (no helmet)
rElec  .         rRot     +     (no cloak)
SustAb . .       Spirit   .     (no gloves)
rMut   .         Warding  .     (no boots)
Saprov . . .     Stasis   .     (no amulet)
MR     .....                    j - ring of ice
                                g - ring of protection from fire

@: non-regenerating, not resistant to hostile enchantments, extremely stealthy
A: bottle blood, fangs 3, see invisible, unbreathing
a: Bat Form, Bottle Blood, Renounce Religion


You were on level 4 of the Dungeon.
You worshipped Ashenzari.
Ashenzari was noncommittal.
You were bloodless.

You visited 1 branch of the dungeon, and saw 4 of its levels.

You collected 83 gold pieces.

Inventory:

Hand weapons
 l - a cursed +3,+2 dagger of electrocution (weapon)
Missiles
 d - 11 darts (quivered)
Armour
 b - a cursed +1 robe (worn)
Scrolls
 h - a scroll of amnesia
 i - a scroll of curse armour
 k - a scroll of blinking {unknown}
 n - a scroll of noise {unknown}
 o - a scroll of fear
 s - a scroll of magic mapping {unknown}
 t - a scroll of enchant armour {unknown}
 w - a scroll of identify
Jewellery
 g - a ring of protection from fire (left hand)
 j - a ring of ice (right hand)
Potions
 a - a potion of resistance
 e - a potion of invisibility
 f - a potion of lignification
 m - 3 potions of curing
 p - a potion of haste
 q - 2 potions of heal wounds
 r - 2 potions of agility
 u - a potion of might {unknown}
 v - a potion of paralysis {unknown}
Books
 c - a book of Maledictions

   Spells                             Type                      Level
   *Corona                            Hexes                        1
   Sure Blade                         Hexes/Charms                 2
   *Ensorcelled Hibernation           Hexes/Ice                    2
   *Confuse                           Hexes                        3
   *Dazzling Spray                    Conjuration/Hexes            3
   Enslavement                        Hexes                        4


   Skills:
 - Level 2.5 Short Blades
 - Level 0.7 Throwing
 - Level 2.1 Dodging
 * Level 9.7 Stealth
 + Level 3.8 Spellcasting
 + Level 8.7 Hexes


You had 4 spell levels left.
You knew the following spells:

 Your Spells              Type           Power        Failure   Level  Hunger
a - Corona                Hex            ####...      1%          1    None
c - Confuse               Hex            ####....     1%          3    ###....
d - Ensorcelled Hibernat  Hex/Ice        ####..       4%          2    ##.....
s - Dazzling Spray        Conj/Hex       ###.....     10%         3    ###....


Dungeon Overview and Level Annotations

Branches:
Dungeon (4/15)
 Temple: D:4-7

Altars:
Ashenzari
Nemelex Xobeh
Sif Muna
The Shining One

Annotations:
D:4 Eustachio


Innate Abilities, Weirdness & Mutations

You do not heal naturally.
You can bottle blood from corpses.
You have razor-sharp teeth.*
You have supernaturally acute eyesight.
You can survive without breathing.*


Message History

Press: ? - help, Shift-Dir - straight line, f/p - Eustachio
Aim: Eustachio, wielding a runed cutlass and wearing a leather armour You feel a surge of power!
Eustachio resists.
* * * LOW MAGIC WARNING * * *
The bat closely misses you. The bat misses you. The quokka bites you.
* * * LOW HITPOINT WARNING * * *
The quokka twitches its whiskers.
The quokka bites you.
* * * LOW HITPOINT WARNING * * *
Eustachio closely misses you.
Casting: Ensorcelled Hibernation
Confirm with . or Enter, or press ? or * to list all spells.
Aiming: Ensorcelled Hibernation
Press: ? - help, Shift-Dir - straight line, f/p - Eustachio
Aim: Eustachio, wielding a runed cutlass and wearing a leather armour You feel a surge of power!
Eustachio resists.
* * * LOW MAGIC WARNING * * *
The bat hits you but does no damage. The quokka closely misses you.
The quokka bites you.
You die...

#...................
#......#########.#.#
#...................
#....%.#########.#.#
#.!....# #.#.#
#......##### .....
#........... ......
#..5..###### ##.....
#.r@### ...... #.r@#
...... #.b.# .....
#.### ..## #.# #.#
#.# #.# #|. ###


You could see Eustachio, a quasit, 2 quokkas and a bat.

Vanquished Creatures
  Pikel (D:4)
  Grinder (D:4)
  A slave (D:4)
  An orc priest (D:4)
  An iguana (D:4)
  An orc wizard (D:4)
  Ijyb (D:3)
  Terence (D:3)
  2 adders (D:2)
  3 gnolls (D:2)
  2 worms
  2 giant geckos (D:1)
  An ooze (D:1)
  3 orcs (D:4)
  2 ball pythons
  4 giant cockroaches
  12 goblins
  8 hobgoblins
  6 jackals (D:1)
  11 bats
  6 giant newts
  11 kobolds
  An orc skeleton (D:4)
  7 rats
89 creatures vanquished.

Vanquished Creatures (others)
  An orc priest (D:4)
  A hound (D:4)
  An orc wizard (D:4)
  2 orcs (D:4)
  A bat skeleton (D:4)
  A hobgoblin (D:4)
  A rat (D:4)
8 creatures vanquished.

Grand Total: 97 creatures vanquished

Notes
Turn   | Place    | Note
--------------------------------------------------------------
     0 | D:1      | PolkaDot, the Vampire Enchanter, began the quest for the Orb.
     0 | D:1      | Reached XP level 1. HP: 13/13 MP: 3/3
   233 | D:1      | Reached skill level 5 in Hexes
   233 | D:1      | Reached XP level 2. HP: 17/19 MP: 2/4
   314 | D:1      | Learned a level 2 spell: Ensorcelled Hibernation
   821 | D:1      | Reached XP level 3. HP: 21/24 MP: 6/6
  1190 | D:1      | Learned a level 3 spell: Confuse
  1813 | D:2      | Reached skill level 6 in Hexes
  1813 | D:2      | Reached XP level 4. HP: 30/30 MP: 0/7
  2090 | D:2      | Found a deep blue altar of Sif Muna.
  2094 | D:2      | Found a sparkling altar of Nemelex Xobeh.
  2098 | D:2      | Found a shattered altar of Ashenzari.
  2109 | D:2      | Became a worshipper of Ashenzari the Shackled
  2499 | D:3      | Noticed Terence
  2505 | D:3      | Killed Terence
  2505 | D:3      | Reached skill level 5 in Stealth
  2638 | D:3      | Reached XP level 5. HP: 35/35 MP: 6/9
  2883 | D:3      | Noticed Ijyb
  2887 | D:3      | Killed Ijyb
  2892 | D:3      | Found a glowing golden altar of the Shining One.
  3297 | D:4      | Noticed a slave
  3297 | D:4      | Noticed a slave
  3300 | D:4      | Reached skill level 7 in Hexes
  3311 | D:4      | Killed a slave
  3346 | D:4      | Noticed a slave
  3376 | D:4      | Noticed Pikel
  3379 | D:4      | Noticed a slave
  3384 | D:4      | Killed Pikel
  3384 | D:4      | Reached skill level 8 in Stealth
  3384 | D:4      | Reached XP level 6. HP: 41/41 MP: 8/13
  3384 | D:4      | Reached XP level 7. HP: 46/46 MP: 8/14
  3525 | D:4      | Noticed Eustachio
  3538 | D:4      | Noticed Grinder
  3544 | D:4      | Learned a level 3 spell: Dazzling Spray
  3571 | D:4      | Killed Grinder
  3571 | D:4      | Reached skill level 9 in Stealth
  3636 | D:4      | Slain by a quokka

Action                   |  1- 3 |  4- 6 |  7- 9 || total
-------------------------+-------+-------+-------++-------
Melee: Dagger            |   111 |    61 |    12 ||   184
Throw: Dart              |    13 |     1 |       ||    14
       Throwing net      |       |     1 |       ||     1
 Cast: Corona            |     9 |       |       ||     9
       Ensorcelled Hiber |    29 |    23 |    12 ||    64
       Confuse           |       |     1 |     2 ||     3
  Use: Scroll            |       |    11 |       ||    11
 Stab: Sleeping          |    23 |    20 |     4 ||    47
       Held in net/web   |       |     1 |       ||     1
       Confused          |       |       |     1 ||     1
